 Dungeon Crawl Stone Soup version 0.24-a0-235-g3f03afcf10 (webtiles) character file.

Game seed: 14879132703128366216

686 MrRokkomies the Skirmisher (level 7, 0/78 HPs)
             Began as an Ogre Hunter on Apr 6, 2019.
             Was a Follower of Okawaru.
             Splashed by a jelly's acid (9 damage)
             ... on level 5 of the Dungeon.
             The game lasted 00:12:32 (4787 turns).

MrRokkomies the Skirmisher (Ogre Hunter)            Turns: 4787, Time: 00:12:32

Health: 0/78       AC: -12   Str: 17    XL:     7   Next: 62%
Magic:  7/7        EV: 10    Int: 15    God:    Okawaru [*.....]
Gold:   204        SH:  0    Dex: 11    Spells: 6/6 levels left

rFire    . . .     SeeInvis .   a - +1 battleaxe (flame)
rCold    . . .     Gourm    +   (shield currently unavailable)
rNeg     . . .     Faith    .   b - +1 robe
rPois    .         Spirit   .   (helmet restricted)
rElec    .         Reflect  .   (no cloak)
rCorr    .         Harm     .   (gloves unavailable)
MR       +....                  (boots unavailable)
Stlth    +.........             x - amulet of the gourmand
HPRegen  0.23/turn              m - +3 ring of intelligence
MPRegen  0.10/turn              v - ring of protection from magic

@: corroded, hasted, very quick
A: large, unfitting armour, tough skin 1
a: Heroism, Renounce Religion


You were on level 5 of the Dungeon.
You worshipped Okawaru.
Okawaru was aware of your devotion.
You were not hungry.

You visited 1 branch of the dungeon, and saw 5 of its levels.

You collected 204 gold pieces.

Inventory:

Hand Weapons
 a - a +1 battleaxe of flaming (weapon)
 w - a +2 dagger of venom
Missiles
 c - a large rock
 d - 2 throwing nets
 g - 107 stones (quivered)
 o - 3 curare-tipped needles
 q - 13 poisoned needles
Armour
 b - a +1 robe (worn)
Jewellery
 m - a +3 ring of intelligence (left hand)
 v - a ring of protection from magic (right hand)
 x - an amulet of the gourmand (around neck)
Wands
 r - a wand of iceblast (4)
Scrolls
 i - 3 scrolls of fear
 j - a scroll of enchant armour
 p - a scroll of fog
 t - 3 scrolls of remove curse
Potions
 e - 2 potions of haste
 h - a potion of curing {unknown}
 k - a potion of mutation {unknown}
 l - a potion of agility {unknown}
 n - 3 potions of lignification {unknown}
 s - a potion of flight {unknown}
 u - 2 potions of degeneration {unknown}
Comestibles
 f - 7 rations


   Skills:
 - Level 7.5 Fighting
 * Level 1.5 Axes
 * Level 7.0 Throwing
 - Level 1.7 Dodging
 - Level 0.6 Stealth


You had 6 spell levels left.
You didn't know any spells.
Your spell library was empty.

Dungeon Overview and Level Annotations

Branches:
Dungeon (5/15)             Temple (0/1) D:4

Altars:
Ashenzari
Cheibriados
Elyvilon
Hepliaklqana
Kikubaaqudgha
Nemelex Xobeh
Okawaru
Qazlal
Ru
Zin
The Shining One

Shops:
D:4 }

Annotations:
D:5 Sigmund


Innate Abilities, Weirdness & Mutations

You are too large for most types of armour.
You have tough skin. (AC +1)


Message History

The jelly is heavily wounded.
You hit something. You burn something. The jelly hits you.
The acid corrodes you!
You are splashed with acid!
Something hits you.
You hit the jelly but do no damage.
Your hands burn!
The jelly is heavily wounded.
You closely miss something. The jelly misses you. Something hits you!
The jelly barely misses you.
You hit the jelly but do no damage.
Your hands burn!
The jelly is heavily wounded.
You closely miss something. The jelly barely misses you. Something hits you.
* * * LOW HITPOINT WARNING * * *
The jelly hits you.
* * * LOW HITPOINT WARNING * * *
The acid corrodes you!
You are splashed with acid!
* * * LOW HITPOINT WARNING * * *
It was a potion of haste.
You feel yourself speed up. Something completely misses you.
The jelly hits you.
* * * LOW HITPOINT WARNING * * *
You are splashed with acid!
You die...

... #..# #...#
... #..# +...#
#..# ##..# #..#
#... ###..#
#.... #....#
#.##.#
########..#.#
#.....@.....#
#....{J.....#
#.........#....
#.........#####
#...........
.((...........
..............#
....%.........#


You could see a jelly.

Vanquished Creatures
  A phantom (D:2)
  An ogre (D:5)
  Blork the orc (D:4)
  2 orc priests
  A bullfrog skeleton (D:4)
  A hound (D:4)
  An iguana (D:4)
  2 orc wizards
  A worker ant (D:4)
  3 gnolls (D:5)
  9 adders
  An ooze (D:3)
  A worm (D:2)
  3 dart slugs
  4 leopard geckos
  11 orcs
  7 giant cockroaches
  10 goblins
  8 hobgoblins
  6 jackals
  12 kobolds
  3 quokkas
  7 bats
  3 frilled lizards
  8 rats
107 creatures vanquished.

Vanquished Creatures (others)
  A plant (D:3)
1 creature vanquished.

Grand Total: 108 creatures vanquished

Notes
Turn   | Place    | Note
-------+----------+-------------------------------------------
     0 | D:1      | MrRokkomies the Ogre Hunter began the quest for the Orb.
     0 | D:1      | Reached XP level 1. HP: 22/22 MP: 1/1
   102 | D:1      | Reached XP level 2. HP: 31/31 MP: 2/2
   512 | D:1      | Reached XP level 3. HP: 37/39 MP: 3/3
  1087 | D:2      | Noticed a phantom
  1093 | D:2      | Killed a phantom
  1093 | D:2      | Reached skill level 5 in Fighting
  1093 | D:2      | Reached skill level 5 in Throwing
  1093 | D:2      | Reached XP level 4. HP: 40/50 MP: 4/4
  1093 | D:2      | Reached XP level 5. HP: 46/57 MP: 5/5
  2100 | D:3      | Reached XP level 6. HP: 39/67 MP: 6/6
  2580 | D:3      | Found a shattered altar of Ashenzari.
  2631 | D:3      | Found a sparkling altar of Nemelex Xobeh.
  2631 | D:3      | Found a shattered altar of Ashenzari.
  2634 | D:3      | Found an iron altar of Okawaru.
  2640 | D:3      | Became a worshipper of Warmaster Okawaru
  2889 | D:3      | Found a hazy altar of Hepliaklqana.
  2889 | D:3      | Found an ancient bone altar of Kikubaaqudgha.
  2892 | D:3      | Found a stormy altar of Qazlal.
  2892 | D:3      | Found a snail-covered altar of Cheibriados.
  3192 | D:4      | Found a glowing golden altar of the Shining One.
  3393 | D:4      | Found a staircase to the Ecumenical Temple.
  3406 | D:4      | Found a sacrificial altar of Ru.
  3540 | D:4      | Found Xejoy's Gadget Shoppe.
  3738 | D:4      | Reached XP level 7. HP: 35/78 MP: 7/7
  4303 | D:4      | Found a white marble altar of Elyvilon.
  4304 | D:4      | Found a glowing silver altar of Zin.
  4304 | D:4      | Noticed Blork the orc
  4308 | D:4      | Killed Blork the orc
  4592 | D:5      | Entered Level 5 of the Dungeon
  4604 | D:5      | Reached skill level 1 in Axes
  4612 | D:5      | Reached * piety under Okawaru
  4777 | D:5      | Noticed Sigmund
  4787 | D:5      | Splashed by a jelly's acid

Levels and vault maps discovered:
D:1:      dpeg_arrival_round_b, layout_loops_cross, serial_forest,
          infiniplex_forest_straight_1, infiniplex_forest_clump_C,
          infiniplex_forest_corner_1, infiniplex_forest_clump_curved,
          infiniplex_forest_clump_cross, infiniplex_forest_lined_2,
          infiniplex_forest_lined_1, infiniplex_forest_zigzag_1
D:2:      layout_rooms, kennysheep_generic_room_8
D:3:      layout_loops_ring, chequers_temple_overflow_statue_of_worship,
          gammafunk_temple_overflow_forgotten, first_ration, grunt_decor_cap,
          minmay_door_square, ashenzari_altar_1
D:4:      layout_layer_cave, old_standard_altar,
          nicolae_ru_sacrificial_ziggurat, grunt_temple_overflow_open,
          minmay_temple_entry_hall, serial_shops, shop, abandoned_shop,
          uniq_blork_the_orc
D:5:      corexii_shack_village, layout_basic, uniq_sigmund, uniq_duvessa

Skill      XL: |  1  2  3  4  5  6  7 |
---------------+----------------------+-----
Fighting       | 3 5 7 |  7.5
Throwing       | 5 6 7 |  7.0
Axes           | 1 |  1.5
Dodging        | |  1.7
Stealth        | |  0.6

Action                   |  1- 3 |  4- 6 |  7- 9 || total
-------------------------+-------+-------+-------++-------
Melee: Short sword       |   106 |       |       ||   106
       Dagger            |    21 |   202 |    10 ||   233
       Battleaxe         |       |       |    21 ||    21
Throw: Stone             |    14 |    13 |    10 ||    37
       Large rock        |     5 |     5 |     5 ||    15
Evoke: Wand              |       |       |     3 ||     3
  Use: Scroll            |       |     8 |       ||     8
       Potion            |       |       |     1 ||     1
 Stab: Sleeping          |       |     2 |       ||     2
  Eat: Chunk             |       |     9 |       ||     9
       Ration            |       |       |     1 ||     1
Armor: Robe              |    31 |    59 |     7 ||    97
Dodge: Dodged            |    59 |   122 |    20 ||   201

Table legend:
 A = Non-vault XP
 B = Vault XP
 C = Vault XP percentage of total XP
 D = Non-vault monster count
 E = Vault monster count
 F = Vault count percentage of total count
                 A         B        C        D         E       F
            +---------+---------+-------+---------+---------+-------
      Total |     883 |      97 |   9.9 |     103 |       4 |   3.7
            +---------+---------+-------+---------+---------+-------
        D:1 |      56 |       0 |   0.0 |      30 |       0 |   0.0
        D:2 |     194 |       3 |   1.5 |      25 |       1 |   3.8
        D:3 |     178 |       0 |   0.0 |      29 |       0 |   0.0
        D:4 |     288 |      91 |  24.0 |      14 |       1 |   6.7
        D:5 |     167 |       3 |   1.8 |       5 |       2 |  28.6
            +---------+---------+-------+---------+---------+-------
